 Seeded DCSS version 0.27-a0-1200-g94dc6ad4cf (webtiles) character file.

Game seed: 3890396941839208523 (custom seed)

112 flotson the Covert (level 4, 0/41 HPs)
             Began as a Gnoll Delver on May 31, 2021.
             Slain by a water moccasin (1 damage)
             ... on level 5 of the Dungeon.
             The game lasted 00:01:38 (489 turns).

flotson the Covert (Gnoll Delver)                    Turns: 489, Time: 00:01:38

Health: 0/41       AC:  3    Str: 12    XL:     4   Next: 95%
Magic:  5/5        EV: 13    Int:  9    God:
Gold:   0          SH:  0    Dex: 14    Spells: 5/5 levels left

rFire    . . .     SeeInvis .   a - +0 spear
rCold    . . .     Faith    .   (no shield)
rNeg     . . .     Spirit   .   b - +0 leather armour
rPois    .         Reflect  .   (no helmet)
rElec    .         Harm     .   (no cloak)
rCorr    .         Rampage  .   (no gloves)
Will     .....                  (no boots)
Stlth    ++++......             (no amulet)
HPRegen  0.13/turn              (no ring)
MPRegen  0.09/turn              (no ring)

@: lethally poisoned (0 -> -16)
A: fangs 1, strong nose, distributed training
a: no special abilities


You were on level 5 of the Dungeon.
You visited 1 branch of the dungeon, and saw 1 of its levels.

Inventory:

Hand Weapons
 a - a +0 spear (weapon)
Armour
 b - a +0 leather armour (worn)
Wands
 g - a wand of digging (3)
Scrolls
 c - a scroll of fog
 d - a scroll of magic mapping


   Skills:
 + Level 6.6 Fighting
 + Level 1.2 Short Blades
 + Level 1.2 Long Blades
 + Level 1.2 Axes
 + Level 1.2 Maces & Flails
 + Level 4.7 Polearms
 + Level 1.2 Staves
 + Level 1.2 Slings
 + Level 1.2 Bows
 + Level 1.2 Crossbows
 + Level 1.2 Throwing
 + Level 1.2 Armour
 + Level 4.7 Dodging
 + Level 9.6 Stealth
 + Level 1.2 Shields
 + Level 1.2 Unarmed Combat
 + Level 1.2 Spellcasting
 + Level 1.0 Conjurations
 + Level 1.0 Hexes
 + Level 1.0 Summonings
 + Level 1.0 Necromancy
 + Level 1.0 Translocations
 + Level 1.0 Transmutations
 + Level 1.0 Fire Magic
 + Level 1.0 Ice Magic
 + Level 1.0 Air Magic
 + Level 1.0 Earth Magic
 + Level 1.0 Poison Magic
 + Level 1.4 Invocations
 + Level 1.2 Evocations


You had 5 spell levels left.
You didn't know any spells.
Your spell library was empty.

Dungeon Overview and Level Annotations

Branches:
Dungeon (5/15)
 Temple: D:4-7

Altars:


Innate Abilities, Weirdness & Mutations

You have very sharp teeth.
Your uncanny sense of smell can sniff out nearby items.
Your experience applies equally to all skills.


Message History

The curare-tipped dart barely misses the water moccasin.
The water moccasin bites you!
Throw: dart (curare)
Press: ? - help, Q - select action Shift-Dir - straight line, f/p - water moccasin
Aim: a water moccasin (44% to hit)
You throw a curare-tipped dart.
The curare-tipped dart closely misses the water moccasin.
The water moccasin barely misses you.
Unknown command.
As you read the scroll labelled RUSKUD UFEOZ, it crumbles to dust.
You hear a loud clanging noise!
It was a scroll of noise.
You hear a shout!
The water moccasin bites you! The water moccasin closely misses you.
Your leather armour prevents you from hitting the water moccasin.
The water moccasin closely misses you.
You barely miss the water moccasin. Your bite misses the water moccasin.
The water moccasin bites you.
You are poisoned.
The water moccasin poisons you!
You hit the water moccasin but do no damage.
You feel very sick. The water moccasin barely misses you.
You hit the water moccasin.
The water moccasin is lightly wounded.
You feel sick. The water moccasin bites you. x2
* * * LOW HITPOINT WARNING * * *
You are lethally poisoned!
The water moccasin poisons you!
You closely miss the water moccasin.
The water moccasin is lightly wounded.
* * * LOW HITPOINT WARNING * * *
You feel very sick. The water moccasin misses you.
You hit the water moccasin.
The water moccasin is lightly wounded.
* * * LOW HITPOINT WARNING * * *
You feel very sick. The water moccasin bites you.
You die...

... ........#
........# ###
........###@#
........##S##
...(.......#
...........#
.........#.#####
...(g....#.....#
.....(....###.##
....#.....# #.#
... #.....#####


You could see a water moccasin and a gnoll sergeant.

Vanquished Creatures
  An ogre (D:5)
  2 gnolls (D:5)
  An adder (D:5)
  A quokka (D:5)
5 creatures vanquished.

Notes
Turn   | Place    | Note
-------+----------+-------------------------------------------
     0 | D:5      | Reached skill level 9 in Stealth
     0 | D:5      | flotson the Gnoll Delver began the quest for the Orb.
     0 | D:5      | Reached XP level 1. HP: 23/23 MP: 1/1
    23 | D:5      | Noticed a gnoll sergeant
    59 | D:5      | Reached XP level 2. HP: 8/29 MP: 2/2
   346 | D:5      | Noticed an ogre
   364 | D:5      | Killed an ogre
   365 | D:5      | Reached skill level 1 in Short Blades
   365 | D:5      | Reached skill level 1 in Long Blades
   365 | D:5      | Reached skill level 1 in Axes
   365 | D:5      | Reached skill level 1 in Maces & Flails
   365 | D:5      | Reached skill level 1 in Staves
   365 | D:5      | Reached skill level 1 in Slings
   365 | D:5      | Reached skill level 1 in Bows
   365 | D:5      | Reached skill level 1 in Crossbows
   365 | D:5      | Reached skill level 1 in Throwing
   365 | D:5      | Reached skill level 1 in Armour
   365 | D:5      | Reached skill level 1 in Shields
   365 | D:5      | Reached skill level 1 in Unarmed Combat
   365 | D:5      | Reached skill level 1 in Spellcasting
   365 | D:5      | Reached skill level 1 in Conjurations
   365 | D:5      | Reached skill level 1 in Hexes
   365 | D:5      | Reached skill level 1 in Summonings
   365 | D:5      | Reached skill level 1 in Necromancy
   365 | D:5      | Reached skill level 1 in Translocations
   365 | D:5      | Reached skill level 1 in Transmutations
   365 | D:5      | Reached skill level 1 in Fire Magic
   365 | D:5      | Reached skill level 1 in Ice Magic
   365 | D:5      | Reached skill level 1 in Air Magic
   365 | D:5      | Reached skill level 1 in Earth Magic
   365 | D:5      | Reached skill level 1 in Poison Magic
   365 | D:5      | Reached skill level 1 in Invocations
   365 | D:5      | Reached skill level 1 in Evocations
   365 | D:5      | Reached XP level 3. HP: 35/35 MP: 2/4
   365 | D:5      | Reached XP level 4. HP: 41/41 MP: 2/5
   452 | D:5      | Noticed a water moccasin
   489 | D:5      | HP: 1/41 [poisoned by a water moccasin]
   489 | D:5      | Slain by a water moccasin

Illustrated notes

Levels and vault maps discovered:
D:5:      layout_layer_cave, minmay_temple_entry_large_hall,
          lexackson_kobold_supper

Skill      XL: |  1  2 |
---------------+-------+-----
Stealth        | |  9.6
Short Blades   | 1 |  1.2
Long Blades    | 1 |  1.2
Axes           | 1 |  1.2
Maces & Flails | 1 |  1.2
Staves         | 1 |  1.2
Slings         | 1 |  1.2
Bows           | 1 |  1.2
Crossbows      | 1 |  1.2
Throwing       | 1 |  1.2
Armour         | 1 |  1.2
Shields        | 1 |  1.2
Unarmed Combat | 1 |  1.2
Spellcasting   | 1 |  1.2
Conjurations   | 1 |  1.0
Hexes          | 1 |  1.0
Summonings     | 1 |  1.0
Necromancy     | 1 |  1.0
Translocations | 1 |  1.0
Transmutations | 1 |  1.0
Fire Magic     | 1 |  1.0
Ice Magic      | 1 |  1.0
Air Magic      | 1 |  1.0
Earth Magic    | 1 |  1.0
Poison Magic   | 1 |  1.0
Invocations    | 1 |  1.4
Evocations     | 1 |  1.2
Fighting       | |  6.6
Polearms       | |  4.7
Dodging        | |  4.7

Action                   |  1- 3 |  4- 6 || total
-------------------------+-------+-------++-------
Melee: Spear             |    13 |    12 ||    25
       Bite              |     5 |     2 ||     7
Throw: Dart              |     4 |     5 ||     9
  Use: Potion            |     1 |       ||     1
       Scroll            |       |     2 ||     2
 Stab: Distracted        |     1 |       ||     1
Armor: Leather armour    |       |     1 ||     1
Dodge: Dodged            |     4 |    10 ||    14

Table legend: (Time is in decaauts)
 A = Elapsed time spent in this place.
 B = Non-inter-level travel time spent in this place.
 C = Inter-level travel time spent in this place.
 D = Time resting spent in this place.
 E = Time spent auto-exploring this place.
 F = Levels seen in this place.
 G = Mean time per level.
                   A        B        C        D        E       F      G
               +--------+--------+--------+--------+--------+-----+--------+
         Total |    467 |    467 |      0 |    223 |    123 |   1 |  467.0 |
       Dungeon |    467 |    467 |      0 |    223 |    123 |   1 |  467.0 |
               +--------+--------+--------+--------+--------+-----+--------+

Top non-repeatable levels by time:
     D:5: 467 daAuts
